 Dungeon Crawl Stone Soup version 0.30-a0-779-g7971cf19c3 (webtiles) character file.

Game seed: 6604649462588149661

105 Leeroy the Slasher (level 4, -7/34 HPs)
             Began as a Merfolk Gladiator on Feb 17, 2023.
             Mangled by a gnoll
             ... wielding a +0 halberd
              (13 damage)
             ... on level 3 of the Dungeon.
             The game lasted 00:03:06 (2201 turns).

Leeroy the Slasher (Merfolk Gladiator)              Turns: 2201, Time: 00:03:07

Health: -7/34      AC:  8    Str: 14    XL:     4   Next: 83%
Magic:  6/6        EV: 11    Int:  7    God:
Gold:   139        SH:  0    Dex: 17    Spells: 4/6 levels left

rFire   . . .      SeeInvis .    a - +0 long sword
rCold   . . .      Faith    .    (no shield)
rNeg    . . .      Spirit   .    j - +0 scale mail
rPois   .          Reflect  .    c - +0 helmet
rElec   .          Harm     .    (no cloak)
rCorr   +          Rampage  .    w - +0 pair of gloves
Will    .....                    (no boots) Stlth
                                 (no amulet)
HPRegen 0.25/turn                p - ring of resist corrosion
MPRegen 0.10/turn                (no ring)

@: no status effects
A: (nimble swimmer 2), mertail
a: no special abilities


You were on level 3 of the Dungeon.
You visited 1 branch of the dungeon, and saw 4 of its levels.

You collected 139 gold pieces.

Inventory:

Hand Weapons
 a - a +0 long sword (weapon)
 t - a +1 hammer of holy wrath
Missiles
 d - 3 throwing nets (quivered)
 e - 7 javelins
 o - 5 poisoned darts
Armour
 b - a +0 leather armour
 c - a +0 helmet (worn)
 j - a +0 scale mail (worn)
 w - a +0 pair of gloves (worn)
Jewellery
 p - a ring of resist corrosion (left hand)
 u - an amulet of reflection
Scrolls
 h - a scroll of enchant armour {unknown}
 i - 2 scrolls of identify {unknown}
 k - 2 scrolls of teleportation {unknown}
 m - a scroll of vulnerability {unknown}
 n - a scroll of acquirement {unknown}
 q - 2 scrolls of magic mapping {unknown}
 r - 2 scrolls of fear {unknown}
Potions
 f - a potion of brilliance {unknown}
 g - 3 potions of berserk rage {unknown}
 l - a potion of magic {unknown}
 s - a potion of haste {unknown}
 v - a potion of curing {unknown}
 x - a potion of heal wounds {unknown}
 z - a potion of degeneration {unknown}


   Skills:
 - Level 2.3 Fighting
 + Level 5.4 Long Blades
 - Level 2.0 Throwing
 - Level 1.0 Armour
 - Level 4.0 Dodging
 * Level 1.7 Spellcasting


You had 4 spell levels left.
You knew the following spells:

 Your Spells              Type           Power      Damage    Failure   Level
a - Blink                 Tloc           0%         N/A       95%         2

Your spell library contained the following spells:

 Spells                   Type           Power      Damage    Failure   Level
 Lesser Beckoning         Tloc           0%         N/A       95%         2
 Momentum Strike          Conj/Tloc      0%         3d8       95%         2


Dungeon Overview and Level Annotations

Branches:
Dungeon (4/15)
 Temple: D:4-7

Altars:
Vehumet

Annotations:
D:2 1 runed translucent door, Crazy Yiuf


Innate Abilities, Weirdness & Mutations

((You are very nimble when in or above water. (Stealth+, EV+, Speed+++)))
Your lower body shifts to a powerful aquatic tail in water.


Message History

The gnoll hits you from afar with a +0 halberd!
The hobgoblin barely misses you. The gnoll closely misses you.
You hit the hobgoblin.
The hobgoblin is heavily wounded.
The hobgoblin completely misses you. The gnoll barely misses you.
You slash the hobgoblin!
You kill the hobgoblin!
The gnoll hits you but does no damage. The gnoll barely misses you.
You see here a wand of flame (4).
You closely miss the gnoll. The gnoll hits you but does no damage.
You hit the gnoll.
The gnoll is lightly wounded.
The gnoll closely misses you.
You completely miss the gnoll.
The gnoll is lightly wounded.
The gnoll hits you with a +0 halberd.
You hit the gnoll.
The gnoll is moderately wounded.
The gnoll closely misses you.
You closely miss the gnoll.
The gnoll is moderately wounded.
The gnoll hits you with a +0 halberd!
You hit the gnoll but do no damage.
The gnoll is moderately wounded.
The gnoll barely misses you. x2
You closely miss the gnoll.
The gnoll is moderately wounded.
The gnoll hits you with a +0 halberd.
You barely miss the gnoll.
The gnoll is moderately wounded.
The gnoll hits you with a +0 halberd.
* * * LOW HITPOINT WARNING * * *
You barely miss the gnoll.
The gnoll is moderately wounded.
The gnoll barely misses you.
You hit the gnoll.
The gnoll is heavily wounded.
The gnoll hits you with a +0 halberd!
You die...

.............#
......#._.#..# #.#
#........# #.#
#...#....# #.#
#.)......#
##.######.....####
.............g...#
.#.#############g#
.#..........# #@#
.#.########.####.#
...# #.........#
...#####.##.######
.........#<...#
.#.########.#.#
..............#
##...###.#######
#.#..#........#


You could see a gnoll.

Vanquished Creatures
  4 adders (D:2)
  2 gnolls (D:3)
  A worm (D:2)
  2 dart slugs
  5 ball pythons
  3 bats
  6 endoplasms
  A giant cockroach (D:3)
  3 goblins
  4 hobgoblins
  2 jackals (D:1)
  2 kobolds (D:1)
  A quokka (D:1)
  5 frilled lizards
  3 rats (D:2)
44 creatures vanquished.

Vanquished Creatures (others)
  A fungus (D:2)
1 creature vanquished.

Grand Total: 45 creatures vanquished

Notes
Turn   | Place    | Note
-------+----------+-------------------------------------------
     0 | D:1      | Leeroy the Merfolk Gladiator began the quest for the Orb.
     0 | D:1      | Reached XP level 1. HP: 16/16 MP: 1/1
    62 | D:1      | Reached skill level 4 in Long Blades
   204 | D:1      | Reached XP level 2. HP: 18/22 MP: 2/2
   658 | D:2      | Reached skill level 5 in Long Blades
   658 | D:2      | Reached XP level 3. HP: 21/27 MP: 3/3
   661 | D:2      | Learned a level 2 spell: Blink
  1047 | D:2      | Reached skill level 1 in Spellcasting
  1335 | D:2      | Reached XP level 4. HP: 33/33 MP: 5/5
  1393 | D:2      | Reached skill level 1 in Armour
  1703 | D:2      | Found a runed translucent door.
  1705 | D:2      | Noticed Crazy Yiuf
  2058 | D:4      | Noticed a phantom
  2175 | D:3      | Found a radiant altar of Vehumet.
  2201 | D:3      | Mangled by a gnoll

Illustrated notes

Levels and vault maps discovered:
D:1:      zelgadis_glass_arrival_small, layout_rooms, minmay_misc_feat_x
D:2:      layout_loops_corners, minmay_pentomino_x2, uniq_crazy_yiuf_cottage
D:3:      layout_basic, vehumet_altar_wand_db
D:4:      layout_basic, mainiacjoe_overflow_alcove_1,
          minmay_temple_entry_crystal_x, kennysheep_orc_chapel, uniq_duvessa,
          uniq_edmund

Skill      XL: |  1  2  3  4 |
---------------+-------------+-----
Long Blades    | 4 5 |  5.4
Spellcasting   | 1 |  1.7
Armour         | 1 |  1.0
Fighting       | |  2.3
Throwing       | |  2.0
Dodging        | |  4.0

Action                     |  1- 3 |  4- 6 || total
---------------------------+-------+-------++-------
  Melee: Long sword        |   114 |    77 ||   191
         Punch             |       |     2 ||     2
 Armour: Leather armour    |     9 |       ||     9
         Scale mail        |    51 |    34 ||    85
  Dodge: Dodged            |    66 |    61 ||   127

Table legend: (Time is in decaauts)
 A = Elapsed time spent in this place.
 B = Non-inter-level travel time spent in this place.
 C = Inter-level travel time spent in this place.
 D = Time resting spent in this place.
 E = Time spent auto-exploring this place.
 F = Levels seen in this place.
 G = Mean time per level.
                   A        B        C        D        E       F      G
               +--------+--------+--------+--------+--------+-----+--------+
         Total |   2230 |   2173 |     57 |      0 |   1567 |   4 |  557.5 |
       Dungeon |   2230 |   2173 |     57 |      0 |   1567 |   4 |  557.5 |
               +--------+--------+--------+--------+--------+-----+--------+

Top non-repeatable levels by time:
     D:2: 1159 daAuts
     D:1: 604 daAuts
     D:3: 465 daAuts
     D:4: 1 daAuts
